Unix NetHack Version 5.0.0-0 post-release - last build May 31 2026 23:59:36 (970b52f25bf058293b47ddfd14a1e40e571c508c,branch:main).

Game began 2026-06-07 01:25:15, ended 2026-06-07 01:32:30.

Drastanta, lawful male human Knight

                                              -----  ----           .
                                              |...----..|       - ..-
     ---              --      - -----## -------....|....--  ----....|
     |*..................................u@).............|  .|......--    |
     |............>....         -------#Gh----------..%..--................
     |                                -..G        --..*.........|
                                      .....      --...........---
                                     ......     --...)........|
                                   |........    |.....)---....|
                                   -----.(..    |.....)|   ..--
                                       --....  --......|    .|
                                        ------ |<.....--    --
                                               --^.|..|
                                                -------
Drastanta the Esquire    St:15 Dx:9 Co:11 In:9 Wi:16 Ch:18  Lawful
Dlvl:3  $:73 HP:0(33) Pw:30(30) AC:3  Xp:4 T:1060  Burdened

Latest messages:
 You have a little trouble lifting 2 food rations.  Continue? [ynq] (q) y
 You have a little trouble lifting t - 2 food rations.
 The scroll turns to dust as you pick it up.
 Call a scroll labeled DUAM XNAHT: 
 u - a scroll labeled GNIK SISI VLE.
 v - 2 scrolls labeled PRIRUTSENIE.
 w - a scroll labeled TEMOV.
 x - a scroll labeled VE FORBRYDERNE.
 y - 2 scrolls labeled XOR OTA.
 z - 2 brilliant blue potions.
 A - a clear potion.
 B - an effervescent potion.
 C - a golden potion.
 D - a magenta potion.
 E - a murky potion.
 F - a purple-red potion.
 G - a gold ring.
 H - a ruby ring.
 I - a tiger eye ring.
 J - a copper wand.
 K - a marble wand.
 L - a flute.
 M - a magic marker.
 Your movements are slowed slightly because of your load.
 You see here a gnome corpse.
 Your saddled pony eats a lichen corpse.
 Your saddled pony eats a lichen corpse.
 The gnome throws a dart!
 A dart misses you.
 The dwarf thrusts her dagger.
 The dwarf hits!
 The dwarf thrusts her dagger.
 The dwarf misses!
 You miss the gnome lord.
 The gnome lord hits!
 The dwarf thrusts her dagger.
 The dwarf hits!
 You hit the gnome lord!
 You kill the gnome lord!
 You miss the dwarf.
 The dwarf thrusts her dagger.
 The dwarf hits!
 You swap places with your saddled pony.
 The saddled pony misses the gnome.
 The saddled pony bites the gnome.
 The dwarf thrusts her dagger.
 The dwarf hits!
 You die...
 Do you want your possessions identified? [ynq] (y) y
 Do you want to see your attributes? [ynq] (y) q

Inventory:
 Coins    ('$')
  $ - 73 gold pieces
 Weapons  (')')
  a - a +1 long sword (weapon in right hand)
 Armor    ('[')
  d - a blessed +0 helmet (being worn)
  f - an uncursed +0 pair of leather gloves (being worn)
  e - an uncursed +0 small shield (being worn)
  s - a cursed +2 cloak of magic resistance
  c - an uncursed +1 ring mail (being worn)
 Comestibles  ('%')
  g - 12 uncursed apples
  h - 11 uncursed carrots
  k - 3 uncursed food rations
  t - 2 cursed food rations
  r - an uncursed kitten corpse named Ezra
 Scrolls  ('?')
  i - a cursed scroll of blank paper
  x - a cursed scroll of confuse monster
  w - a cursed scroll of identify
  v - 2 cursed scrolls of light
  u - a cursed scroll of magic mapping
  p - an uncursed scroll of remove curse
  y - 2 cursed scrolls of remove curse
 Potions  ('!')
  E - an uncursed potion of confusion
  C - a cursed potion of gain energy
  z - 2 uncursed potions of healing
  F - a blessed potion of invisibility
  B - a cursed potion of monster detection
  D - a cursed potion of polymorph
  m - a cursed potion of sickness
  l - an uncursed potion of speed
  A - an uncursed potion of water
 Rings    ('=')
  H - a cursed +3 ring of gain constitution
  I - an uncursed ring of poison resistance
  G - a cursed ring of teleportation
 Wands    ('/')
  K - a cursed wand of create monster (0:13)
  J - a cursed wand of stasis (0:2)
 Tools    ('(')
  L - an uncursed wooden flute
  M - a cursed magic marker (0:20)
  n - a cursed oil lamp
  o - an uncursed pair of lenses

Drastanta the Knight's attributes:

Background:
 You were an Esquire, a level 4 male human Knight.
 You were lawful, on a mission for Lugh
 who was opposed by Brigit (neutral) and Manannan Mac Lir (chaotic).
 You were right-handed.
 You were in the Gnomish Mines, on level 3.
 You entered the dungeon 1060 turns ago.
 It was nighttime.
 You had 130 experience points, 30 more were needed to attain level 5.

Basics:
 You had 0 out of 33 hit points.
 You had all 30 energy points (spell power).
 Your armor class was 3.
 Your wallet contained 73 zorkmids.
 Autopickup was on for '$' plus thrown.

Final Characteristics:
 Your strength was 15 (limit:18/100).
 Your dexterity was 9 (limit:18).
 Your constitution was 11 (limit:18).
 Your intelligence was 9 (limit:18).
 Your wisdom was 16 (limit:18).
 Your charisma was 18 (limit:18).

Final Status:
 You weren't hungry.
 You were burdened; movement was slightly slowed.
 You were wielding a long sword.
 You had basic skill with long sword.

Final Attributes:
 You were devoutly aligned.
 You could jump.
 You were warded.
 You are dead.

Miscellaneous:
 You encountered 1 bones level.
 Total elapsed playing time was 7 minutes and 15 seconds.

Major events:
 Turn
    1: Drastanta the lawful male human Knight entered the dungeon
  611: entered the Gnomish Mines
  985: attained the rank of Esquire (level 3)
 1060: killed by a dwarf

You didn't know any spells.

Skills:
 Fighting Skills
   bare handed combat [Unskilled]
   two weapon combat  [Unskilled]
   riding             [Basic]
 Weapon Skills
   dagger             [Unskilled]
   knife              [Unskilled]
   axe                [Unskilled]
   pick-axe           [Unskilled]
   short sword        [Unskilled]
   broadsword         [Unskilled]
   long sword         [Basic]
   two-handed sword   [Unskilled]
   saber              [Unskilled]
   club               [Unskilled]
   mace               [Unskilled]
   morning star       [Unskilled]
   flail              [Unskilled]
   hammer             [Unskilled]
   polearms           [Unskilled]
   spear              [Unskilled]
   trident            [Unskilled]
   lance              [Basic]
   bow                [Unskilled]
   crossbow           [Unskilled]
 Spellcasting Skills
   attack spells      [Unskilled]
   healing spells     [Unskilled]
   clerical spells    [Unskilled]

Voluntary challenges:
 Character rerolling was not enabled.
 You never genocided any monsters.
 You never polymorphed an object.
 You never changed form.
 You used no wishes.
Achievements:
 You entered the Gnomish Mines.
 You attained the rank of Esquire.

 The Dungeons of Doom: levels 1 to 3
    Level 1:
       A fountain.
    Level 2:
       A grave.
       Stairs down to The Gnomish Mines.
    Level 3:
 The Gnomish Mines:
    Level 3: <- You were here.
       A grave.
       Final resting place for
          you, killed by a dwarf,
          Pneumatic-Wiz-Elf-Fem-Cha, killed by a dagger.


Vanquished creatures:
  a ghost
  2 gnome leaders
  a kitten
  4 gnomes
  a gecko
  9 jackals
  a sewer rat
  2 grid bugs
  a bat
  3 lichens
  2 kobold zombies
  2 newts
29 creatures vanquished.

No species were genocided or became extinct.

Game over:
                       ----------
                      /          \
                     /    REST    \
                    /      IN      \
                   /     PEACE      \
                  /                  \
                  |    Drastanta     |
                  |      73 Au       |
                  |   killed by a    |
                  |      dwarf       |
                  |                  |
                  |                  |
                  |       2026       |
                 *|     *  *  *      | *
        _________)/\\_//(\/(/\)/\//\/|_)_______

Fare thee well Drastanta the Knight...

You died in The Gnomish Mines on dungeon level 3 with 686 points,
and 73 pieces of gold, after 1060 moves.
You were level 4 with a maximum of 33 hit points when you died.

